 Dungeon Crawl Stone Soup version 0.28.0-1-gb440e238dd (webtiles) character file.

Game seed: 8428685903211789605

75 a3don the Skirmisher (level 4, -1/35 HPs)
             Began as a Djinni Abyssal Knight on Feb 21, 2022.
             Was a Follower of Lugonu.
             Slain by Terence (6 damage)
             ... on level 2 of the Dungeon.
             The game lasted 00:04:24 (2188 turns).

a3don the Skirmisher (Djinni Abyssal Knight)        Turns: 2188, Time: 00:04:25

Health: -1/35      AC:  3    Str: 14    XL:     4   Next: 55%
Gold:   41         EV: 12    Int: 12    God:    Lugonu [*.....] SH:  0 Dex: 13

rFire   + + +      SeeInvis +   a - +1 falchion
rCold   . . .      Faith    .   (no shield)
rNeg    . . .      Spirit   .   b - +0 leather armour
rPois   ∞          Reflect  .   (no helmet)
rElec   +          Harm     .   (no cloak)
rCorr   +          Rampage  .   (no gloves)
Will    .....                   (boots unavailable)
Stlth   +.........              (no amulet)
HPRegen 0.11/turn               e - ring of see invisible
MPRegen 0.00/turn               (no ring)

@: resistant, flying
A: sickness immunity, fire resistance 2, cold vulnerability 1, float, innate
caster, HP casting, extra vitality 1
a: Renounce Religion, Depart the Abyss


You were on level 2 of the Dungeon.
You worshipped Lugonu.
Lugonu was aware of your devotion.
You visited 1 branch of the dungeon, and saw 2 of its levels.
You visited the Abyss 1 time.

You collected 41 gold pieces.

Inventory:

Hand Weapons
 a - a +1 falchion (weapon)
 c - a +0 dagger of holy wrath
 k - a +0 long sword
Armour
 b - a +0 leather armour (worn)
Jewellery
 e - a ring of see invisible (left hand)
Scrolls
 f - a scroll of enchant weapon {unknown}
 g - a scroll of immolation {unknown}
 i - a scroll of holy word {unknown}


   Skills:
 + Level 3.4 Fighting
 + Level 2.3 Long Blades
 + Level 1.7 Armour
 - Level 2.8 Dodging
 * Level 0.5 Spellcasting
 + Level 2.4 Invocations


You had 3 spell levels left.
You knew the following spells:

 Your Spells              Type           Power      Damage    Failure   Level
a - Beastly Appendage     Tmut           2%         N/A       30%         1
Your spell library was empty.

Dungeon Overview and Level Annotations

Branches:
Dungeon (2/15)

Altars:

Annotations:
D:2 Terence


Innate Abilities, Weirdness & Mutations

You are immune to sickness and miasma.
You are immune to poison.
Your flesh is very heat resistant. (rF++)
You are vulnerable to cold. (rC-)
You float through the air rather than walking.
You learn spells naturally, not from books.
Your magical power is your life essence.
You have superior vitality. (+4 MHP)


Message History

Terence is lightly wounded.
There is an open door here.
You throw a poisoned dart. The poisoned dart hits Terence.
Terence is moderately wounded.
You closely miss Terence.
Terence is moderately wounded.
Terence hits you with a +3 vorpal hand axe.
You hit Terence but do no damage.
Terence is heavily wounded.
Terence hits you with a +3 vorpal hand axe!
You hit Terence but do no damage.
Terence is heavily wounded.
Terence looks more healthy.
Terence hits you with a +3 vorpal hand axe.
Terence closely misses you.
You hit Terence.
Terence is heavily wounded.
Terence hits you with a +3 vorpal hand axe!
* * * LOW HITPOINT WARNING * * *
x2 You hit Terence but do no damage.
Terence is heavily wounded.
Terence barely misses you.
Found a stone staircase leading down.
It was a potion of resistance.
You feel protected. Terence barely misses you.
It was a potion of curing.
You feel better. Terence closely misses you.
Terence hits you with a +3 vorpal hand axe.
* * * LOW HITPOINT WARNING * * *
x2
There is an open door here.
You see here a poisoned dart.
j - a poisoned dart Terence completely misses you.
Throw: dart (poison)
Press: ? - help, Q - select action, (/) - cycle Shift-Dir - straight line, f/p - Terence
Aim: Terence, wielding a +3 vorpal hand axe and wearing a +0 ring mail (heavily wounded, 61% to hit)
You throw a poisoned dart. The poisoned dart hits Terence.
Terence is heavily wounded.
Terence hits you with a +3 vorpal hand axe.
You die...

..........#....####.#.....#
.......#..#.##.# #.#.)...#
....((.#.......# #.#.....####
#+#.#..#....#######.#........#
###.>.#..(..................^..##
..#...#......####................
..# ..........##.......###'#####
..# #.#######.##......(.........
..# . .........@@..............>
.## #######.##.............#..
... #.##........###..#.. ###
#.##........#<...#.. #
#.##........#.#..#.. #
#.##........#....#.# #
#.#######'#.##...... # ..
#.#...<..... # ...............


You could see Terence.

Vanquished Creatures
  Jessica (D:2)
  A dart slug (D:1)
  4 ball pythons
  2 bats (D:1)
  2 endoplasms
  2 giant cockroaches (D:1)
  5 goblins
  6 hobgoblins
  10 jackals
  5 kobolds
38 creatures vanquished.

Notes
Turn   | Place    | Note
-------+----------+-------------------------------------------
     0 | Abyss:1  | a3don the Djinni Abyssal Knight began the quest for the
                  | Orb.
     0 | Abyss:1  | Reached XP level 1. HP: 20/20 MP: 0/0
     0 | D:1      | Escaped the Abyss
   150 | D:1      | Reached XP level 2. HP: 7/25 MP: 0/0
   479 | D:1      | Found a faded altar of an unknown god.
   720 | D:1      | Reached XP level 3. HP: 27/30 MP: 0/0
   720 | D:1      | Learned a level 1 spell: Beastly Appendage
  1011 | D:1      | You are sucked into a shaft and drop 1 floor!
  1044 | D:2      | Noticed Jessica
  1070 | D:2      | Killed Jessica
  1070 | D:2      | Reached * piety under Lugonu
  1071 | D:2      | Reached XP level 4. HP: 14/35 MP: 0/0
  1312 | D:2      | Noticed Terence
  2188 | D:2      | Slain by Terence

Illustrated notes

Levels and vault maps discovered:
D:1:      kennysheep_arrival_seaside, layout_rooms, ebering_ecumenical_altar_box
D:2:      layout_basic, minmay_misc_feat_columns, minmay_misc_feat_hallway,
          minmay_misc_feat_doors, grunt_decor_arrowhead, minmay_misc_feat_roman,
          kennysheep_generic_room_14, uniq_jessica, uniq_terence

Skill      XL: |  1  2 |
---------------+-------+-----
Invocations    | 2 |  2.4
Long Blades    | 2 |  2.3
Fighting       | |  3.4
Armour         | |  1.7
Dodging        | |  2.8
Spellcasting   | |  0.5

Action                   |  1- 3 |  4- 6 || total
-------------------------+-------+-------++-------
Melee: Falchion          |    78 |    36 ||   114
Throw: Dart              |       |     5 ||     5
Invok: Depart the Abyss  |     1 |       ||     1
  Use: Potion            |       |     2 ||     2
Armor: Leather armour    |    19 |     9 ||    28
Dodge: Dodged            |    58 |    17 ||    75
